[Event "Titled Tuesday Blitz May 31 Early 2022"]
[White "Abdrlauf, Elham"]
[Black "Pires, Marcos Vinicius Torsani"]
[WhiteFideId "1533533"]
[BlackFideId "2118939"]
[WhiteElo "2371"]
[BlackElo "2273"]
[Result "1-0"]
[Round "01"]
[TimeControl "180+1"]
[Date "2022.06.01"]
[WhiteClock "0:00:06"]
[BlackClock "0:00:09"]

1. e4 c5 2. Ne2 Nc6 3. d4 cxd4 4. Nxd4 g6 5. Nc3 Bg7 6. Be3 Nf6 7. Bc4 O-O 8. Bb3 d5 9. exd5 Na5 10. Qf3 Nxb3 11. axb3 Bg4 12. Qg3 Qd7 13. h3 Bf5 14. Nxf5 Qxf5 15. O-O-O Rfd8 16. Qg5 Qd7 17. Rhe1 b5 18. d6 exd6 19. Bd4 b4 20. Bxf6 Bxf6 21. Qxf6 bxc3 22. bxc3 Re8 23. Kb2 d5 24. Qd4 Rxe1 25. Rxe1 a5 26. Qf6 Re8 27. Rxe8+ Qxe8 28. Qd4 Qc6 29. Qa7 Qb5 30. Qc7 h5 31. Qf4 Qc5 32. h4 Qb5 33. g3 Qc5 34. Qd4 Qc6 35. Qe5 a4 36. b4 Qc4 37. Qe8+ Kg7 38. Qe3 Kg8 39. Qd3 Qc6 40. Ka3 Kh7 41. Qd4 Kg8 42. Qc5 Qf6 43. b5 Qf5 44. Kb2 a3+ 45. Qxa3 Qxf2 46. Qa8+ Kg7 47. Qxd5 Qxg3 48. b6 Qb8 49. Qd4+ f6 50. c4 g5 51. hxg5 Kh7 52. Qxf6 h4 53. c5 h3 54. c3 h2 55. Qh6+ Kg8 56. g6 Qe5 57. Qh7+ Kf8 58. Qf7# 1-0


[Site "https://www.chess.com"]

[Event "Titled Tuesday Blitz May 31 Early 2022"]
[White "Golubova, Anna"]
[Black "Korchmar, Vasiliy"]
[WhiteFideId "24173606"]
[BlackFideId "24131750"]
[WhiteElo "2083"]
[BlackElo "2370"]
[Result "0-1"]
[Round "01"]
[TimeControl "180+1"]
[Date "2022.06.01"]
[WhiteClock "0:00:36"]
[BlackClock "0:00:07"]

1. d4 Nf6 2. Nf3 d5 3. Bf4 c5 4. e3 Nc6 5. c3 e6 6. Nbd2 Be7 7. Bd3 Nh5 8. Be5 f6 9. Bg3 Qb6 10. Rb1 Bd7 11. Qe2 O-O-O 12. O-O Nxg3 13. hxg3 e5 14. dxe5 fxe5 15. e4 d4 16. Nc4 Qc7 17. cxd4 exd4 18. Rbc1 Kb8 19. a3 Bg4 20. b4 cxb4 21. axb4 Bxb4 22. Nce5 Qxe5 23. Nxe5 Bxe2 24. Nxc6+ bxc6 25. Bxe2 d3 26. Bg4 Kb7 27. e5 Rhe8 28. f4 Kb6 29. e6 a5 30. f5 a4 31. Kf2 a3 32. Rb1 c5 33. Ke3 Re7 34. Bf3 Ka5 35. Be4 c4 36. Rfc1 d2 37. Rd1 c3 38. Rb3 Ka4 39. Bc2 Ka5 40. Rdb1 Rb8 41. Rxc3 Bxc3 42. Rxb8 Ra7 43. Bb3 d1=Q 44. Bxd1 a2 45. e7 Rxe7+ 46. Kd3 a1=Q 47. Ra8+ Kb6 48. Rxa1 Bxa1 49. Bb3 Bf6 50. g4 Kc5 51. Be6 h6 52. Ke4 Kd6 53. Kf4 Ra7 54. Kg3 Ra4 55. Kh3 Ra3+ 56. g3 Ke5 57. Bc4 Bg5 58. Bb5 Bf4 59. Kh4 Rxg3 60. Kh5 Kf6 61. Kh4 Rg2 62. Bf1 Rh2+ 63. Bh3 Rh1 64. g5+ Bxg5+ 65. Kg4 Rxh3 66. Kxh3 Kxf5 0-1


[Site "https://www.chess.com"]

[Event "Titled Tuesday Blitz May 31 Early 2022"]
[White "Aravindh, Chithambaram VR."]
[Black "Jain, Naveen"]
[WhiteFideId "5072786"]
[BlackFideId "5003970"]
[WhiteElo "2561"]
[BlackElo "2036"]
[Result "1-0"]
[Round "01"]
[TimeControl "180+1"]
[Date "2022.06.01"]
[WhiteClock "0:00:20"]
[BlackClock "0:00:03"]

1. b3 g6 2. Bb2 Nf6 3. g3 Bg7 4. Bg2 O-O 5. Nf3 d6 6. d4 Nc6 7. O-O Bg4 8. Nbd2 Qd7 9. e4 e5 10. c3 exd4 11. cxd4 Rfe8 12. Re1 Rad8 13. d5 Ne5 14. Nxe5 dxe5 15. Qc2 c6 16. Nc4 Nh5 17. f3 Bh3 18. dxc6 bxc6 19. Rad1 Qe6 20. Rxd8 Rxd8 21. Rd1 Rxd1+ 22. Qxd1 h6 23. Qd8+ Kh7 24. Qd6 Qxd6 25. Nxd6 Bxg2 26. Kxg2 f6 27. Nc8 a6 28. Ne7 c5 29. Ba3 Bf8 30. Bxc5 Ng7 31. b4 Ne6 32. Nd5 Bxc5 33. bxc5 Nxc5 34. Nxf6+ Kg7 35. Nd5 Kf7 36. Kf1 Nd3 37. Nc3 Ke6 38. Ke2 Nc5 39. Nd5 Na4 40. Kd2 Nc5 41. Kc3 Kd6 42. Kc4 Ne6 43. Kd3 Nd4 44. f4 Nc6 45. Nc3 exf4 46. gxf4 g5 47. Ke3 gxf4+ 48. Kxf4 Ke6 49. Nd5 Ne5 50. Nc7+ Kf6 51. Nxa6 Nd3+ 52. Ke3 Nc1 53. Nb4 Ke5 54. Nd3+ 1-0


[Site "https://www.chess.com"]

[Event "Titled Tuesday Blitz May 31 Early 2022"]
[White "Baches Garcia, Guillermo"]
[Black "Pranesh M"]
[WhiteFideId "2209764"]
[BlackFideId "35028600"]
[WhiteElo "2479"]
[BlackElo "1902"]
[Result "1-0"]
[Round "01"]
[TimeControl "180+1"]
[Date "2022.05.31"]
[WhiteClock "0:00:14"]
[BlackClock "0:00:19"]

1. e4 e5 2. Nf3 Nc6 3. Bc4 Nf6 4. Ng5 d5 5. exd5 Na5 6. Bb5+ c6 7. dxc6 bxc6 8. Qf3 Be7 9. Bd3 O-O 10. Nc3 h6 11. Nge4 Nd5 12. Ng3 Nf4 13. Bf5 Rb8 14. O-O Bh4 15. Bxc8 Qxc8 16. d3 Bxg3 17. hxg3 Ne6 18. Qe4 f6 19. b4 Nb7 20. Be3 Nd6 21. Qg4 f5 22. Qe2 f4 23. Bc5 Nxc5 24. bxc5 Nf5 25. Qxe5 f3 26. gxf3 Qd7 27. Ne4 Nd4 28. Qd6 Nxf3+ 29. Kg2 Qg4 30. Rh1 Rbe8 31. Qxc6 Kh7 32. Rab1 Nd4 33. Qd5 Qf3+ 34. Kg1 Ne2+ 35. Kh2 Rf5 36. Ng5+ hxg5 37. Qxf3 Kg6 38. Qc6+ Kf7 39. Qd7+ Kf6 40. Qxf5+ Kxf5 41. Kg2 Nd4 42. Rb7 Nxc2 43. c6 Re6 44. c7 Rc6 45. Rc1 Ne3+ 46. fxe3 Rxc1 47. Kf3 g4+ 48. Ke2 Ke6 49. d4 a5 50. Kd3 Kd7 51. Ke4 Rg1 52. d5 Rxg3 53. d6 Rg1 54. Rb8 Rc1 55. Rd8+ Ke6 56. c8=Q+ Rxc8 57. Rxc8 g3 58. Kf3 Kxd6 59. Kxg3 Ke5 60. Ra8 a4 61. Rxa4 g5 62. Rf4 gxf4+ 63. exf4+ Kf5 64. Kf3 Kf6 65. a4 Ke6 66. a5 Kd6 67. a6 Kc7 68. f5 Kb6 69. f6 Kxa6 70. f7 Kb5 71. f8=Q Kc6 72. Qd8 Kb7 73. Ke3 Kc6 74. Kd4 Kb5 75. Qc8 Kb6 76. Kd5 Ka7 77. Qc7+ Ka8 78. Qd7 Kb8 79. Kc6 Ka8 80. Qb7# 1-0


[Site "https://www.chess.com"]

[Event "Titled Tuesday Blitz May 31 Early 2022"]
[White "Bharath Subramaniyam H"]
[Black "Jegorovas, Aleksandras"]
[WhiteFideId "46634827"]
[BlackFideId "12801950"]
[WhiteElo "2242"]
[BlackElo "2247"]
[Result "1/2-1/2"]
[Round "01"]
[TimeControl "180+1"]
[Date "2022.06.01"]
[WhiteClock "0:00:10"]
[BlackClock "0:00:11"]

1. e4 e6 2. d4 d5 3. Nc3 Bb4 4. exd5 exd5 5. Bd3 Nc6 6. a3 Bxc3+ 7. bxc3 Nge7 8. Qh5 Be6 9. Nf3 Qd7 10. Ng5 h6 11. O-O O-O 12. Nh7 Rfe8 13. Bxh6 Ng6 14. Nf6+ gxf6 15. h3 Nce7 16. Rae1 Bf5 17. g4 Bxd3 18. cxd3 Nc6 19. f4 Rxe1 20. Rxe1 Re8 21. Rf1 Qe7 22. f5 Nf8 23. Bf4 Nh7 24. h4 Qe2 25. Rf2 Qd1+ 26. Kg2 Re2 27. Rxe2 Qxe2+ 28. Kg1 Qd1+ 29. Kf2 Qxd3 30. Bxc7 Qxc3 31. Bd6 Nxd4 32. g5 Qd2+ 33. Kf1 Qd3+ 34. Kg2 Qe4+ 35. Kg1 Nf3+ 36. Kf2 Ne5 37. Bxe5 Qxe5 38. g6 fxg6 39. Qxg6+ Kh8 40. h5 Qd4+ 41. Kf3 Qe4+ 42. Kf2 Qd4+ 43. Kf1 Qd3+ 44. Kf2 Qc2+ 45. Kf1 Qc1+ 46. Kf2 Qg5 47. Qe8+ Qg8 48. Qd7 Ng5 49. Qxb7 Qe8 50. Qxa7 Qe4 51. h6 Qf3+ 52. Ke1 Qc3+ 53. Kd1 Qd3+ 54. Kc1 Qc3+ 55. Kb1 Qb3+ 56. Kc1 Qc3+ 57. Kb1 Qb3+ 58. Kc1 Qc4+ 59. Kb2 Qb5+ 60. Ka1 Qf1+ 61. Kb2 Qb5+ 62. Kc1 Qc4+ 63. Kd1 Qd3+ 64. Kc1 Qc3+ 1/2-1/2


[Site "https://www.chess.com"]

[Event "Titled Tuesday Blitz May 31 Early 2022"]
[White "Bluebaum, Matthias"]
[Black "Hosseinzadeh, Nima"]
[WhiteFideId "24651516"]
[BlackFideId "12505323"]
[WhiteElo "2556"]
[BlackElo "2066"]
[Result "1-0"]
[Round "01"]
[TimeControl "180+1"]
[Date "2022.05.31"]
[WhiteClock "0:00:19"]
[BlackClock "0:00:15"]

1. d4 Nf6 2. c4 e6 3. Nc3 Bb4 4. e3 O-O 5. Bd3 d5 6. cxd5 exd5 7. a3 Bd6 8. Qc2 c6 9. Nge2 Re8 10. Bd2 Nbd7 11. f3 Nf8 12. O-O-O b5 13. g4 a5 14. g5 N6d7 15. h4 b4 16. axb4 axb4 17. Na4 Qa5 18. b3 Nb6 19. Nxb6 Qxb6 20. Kb2 Re7 21. Ra1 Rea7 22. Ra4 Rxa4 23. bxa4 c5 24. dxc5 Bxc5 25. Qb3 Ba6 26. Ra1 Ne6 27. a5 Qd6 28. Bxa6 Rxa6 29. f4 d4 30. Ng3 dxe3 31. Bxe3 Bd4+ 32. Bxd4 Qxd4+ 33. Kb1 Nc5 34. Qf3 Nd3 35. Qe2 Re6 36. Ra2 Rxe2 37. Rxe2 g6 38. Ne4 Nxf4 39. Nf6+ Kg7 40. Re8 Qd1+ 41. Ka2 Nd3 42. Rg8# 1-0


[Site "https://www.chess.com"]

[Event "Titled Tuesday Blitz May 31 Early 2022"]
[White "Bortnyk, Olexandr"]
[Black "Omelja, Artem"]
[WhiteFideId "14120828"]
[BlackFideId "14119846"]
[WhiteElo "2723"]
[BlackElo "2382"]
[Result "1-0"]
[Round "01"]
[TimeControl "180+1"]
[Date "2022.05.31"]
[WhiteClock "0:01:35"]
[BlackClock "0:00:02"]

1. d4 d5 2. Nc3 Nf6 3. Bf4 a6 4. e3 Bf5 5. Nf3 e6 6. Ne5 h6 7. g4 Bh7 8. h4 Ne4 9. Nxe4 Bxe4 10. f3 Bh7 11. Bd3 Bxd3 12. cxd3 Nd7 13. Qb3 Nxe5 14. Bxe5 f6 15. Bf4 Bd6 16. Qxb7 Bxf4 17. Qc6+ Kf7 18. exf4 Rb8 19. b3 Qe7 20. Rc1 Rhc8 21. Kf2 Qb4 22. Ke3 a5 23. g5 hxg5 24. hxg5 Qe7 25. gxf6 Qxf6 26. Rcg1 Rb4 27. Qd7+ Kf8 28. Rh8# 1-0


[Site "https://www.chess.com"]

[Event "Titled Tuesday Blitz May 31 Early 2022"]
[White "Buchenau, Frank"]
[Black "Aradhya, Garg"]
[WhiteFideId "4604350"]
[BlackFideId "25006746"]
[WhiteElo "2157"]
[BlackElo "2169"]
[Result "1/2-1/2"]
[Round "01"]
[TimeControl "180+1"]
[Date "2022.06.01"]
[WhiteClock "0:00:08"]
[BlackClock "0:00:22"]

1. e4 e5 2. Bc4 Nf6 3. d3 Nc6 4. Nf3 Bc5 5. O-O h6 6. c3 d6 7. Nbd2 O-O 8. Bb3 a5 9. h3 Ba7 10. Re1 Ne7 11. Nf1 Ng6 12. Ng3 c6 13. d4 Re8 14. Bc2 b5 15. a4 b4 16. Be3 Qc7 17. Qd2 bxc3 18. bxc3 d5 19. Nxe5 Nxe5 20. dxe5 Bxe3 21. Qxe3 Rxe5 22. f4 Re8 23. e5 Nd7 24. Nf5 Qa7 25. Nd4 Qc5 26. Nf5 Rb8 27. Nd6 Rd8 28. Qxc5 Nxc5 29. Rab1 Ba6 30. f5 Nb7 31. Rb6 Nxd6 32. Rxa6 Nc4 33. Rxc6 Rb2 34. Bd3 Rd2 35. Bxc4 dxc4 36. Rxc4 Rc2 37. e6 Rdd2 38. Rg4 fxe6 39. fxe6 Re2 40. Rd1 Rxe6 41. Rd7 g6 42. Ra7 Rxc3 43. Rxa5 Rcc6 44. h4 Ra6 45. Rxa6 Rxa6 46. Kf2 Kf7 47. Ke3 Rd6 48. a5 Ke6 49. Ra4 Ra6 50. Ke4 h5 51. Kf4 Kf6 52. g3 Kf7 53. Ke5 Ke7 54. Kd5 Kd7 55. Kc5 Kc7 56. Kb5 Rf6 57. a6 Kb8 58. a7+ Ka8 59. Ra6 Rf5+ 60. Kb4 g5 61. Kc4 gxh4 62. gxh4 Rf4+ 63. Kd5 Rxh4 64. Ke5 Rh1 65. Kf5 h4 66. Kg4 h3 67. Kg3 h2 68. Kg2 Rg1+ 69. Kxh2 Rg7 70. Kh3 Rh7+ 71. Kg4 Rxa7 72. Rxa7+ Kxa7 1/2-1/2


[Site "https://www.chess.com"]

[Event "Titled Tuesday Blitz May 31 Early 2022"]
[White "Chernomordik, Pavel"]
[Black "Kovalev, Vladislav"]
[WhiteFideId "2804530"]
[BlackFideId "13504398"]
[WhiteElo "2220"]
[BlackElo "2530"]
[Result "0-1"]
[Round "01"]
[TimeControl "180+1"]
[Date "2022.06.01"]
[WhiteClock "0:00:01"]
[BlackClock "0:00:04"]

1. e4 e5 2. Nf3 Nc6 3. Bb5 a6 4. Ba4 Nf6 5. Qe2 d6 6. c3 Bd7 7. h3 g6 8. d3 Bg7 9. Nbd2 O-O 10. Bc2 d5 11. Nf1 dxe4 12. dxe4 b5 13. g4 Be6 14. Ne3 Nd7 15. O-O Nb6 16. Rd1 Qc8 17. Ng5 Bd7 18. Nd5 h6 19. Nf3 Kh7 20. Nh4 Be6 21. Be3 Nc4 22. Bc5 Nxb2 23. Bxf8 Bxf8 24. Bb3 Nxd1 25. Rxd1 Bg7 26. Qf3 Na5 27. Ne7 Qe8 28. Bxe6 fxe6 29. Nexg6 Nc4 30. Qg3 Rd8 31. Rd3 Bf6 32. Rf3 Kg7 33. Kg2 Rd2 34. Rd3 Rxd3 35. Qxd3 Qd8 36. Qg3 a5 37. g5 hxg5 38. Qg4 gxh4 39. Nxe5+ Kf8 40. Nf3 Ne5 41. Qxe6 Nxf3 42. Kxf3 Qd3+ 43. Kg2 Qd6 44. Qf5 Qe5 45. Qg6 Qg5+ 0-1


[Site "https://www.chess.com"]

[Event "Titled Tuesday Blitz May 31 Early 2022"]
[White "Cremisi, Daniel"]
[Black "Niemann, Hans Moke"]
[WhiteFideId "2089882"]
[BlackFideId "2093596"]
[WhiteElo "2172"]
[BlackElo "2632"]
[Result "0-1"]
[Round "01"]
[TimeControl "180+1"]
[Date "2022.05.31"]
[WhiteClock "0:00:22"]
[BlackClock "0:00:19"]

1. d4 Nf6 2. c4 g6 3. Nc3 Bg7 4. e4 d6 5. Nf3 O-O 6. Be2 e5 7. dxe5 dxe5 8. Qxd8 Rxd8 9. Bg5 Re8 10. Nd5 Nxd5 11. cxd5 c6 12. Bc4 b5 13. Bb3 a5 14. dxc6 Nxc6 15. Bd5 Ra6 16. O-O Nb4 17. Bb3 a4 18. Bd1 Be6 19. a3 Nd3 20. Be2 Bc4 21. Rab1 Rd6 22. Rfd1 h6 23. Ne1 hxg5 24. Bxd3 Red8 25. Bc2 Rd2 26. Nf3 R2d7 27. Rxd7 Rxd7 28. Rd1 Rxd1+ 29. Bxd1 Bf6 30. Nd2 Bd3 31. f3 Be7 32. Kf2 Bc5+ 33. Ke1 Bd4 34. b3 b4 35. bxa4 bxa3 36. Bb3 Bc3 37. Kd1 Kf8 38. Kc1 Ke7 39. Nc4 Bf1 40. Nxa3 Bxg2 41. Bd1 Bf1 42. Nb5 Ba5 43. Kc2 f5 44. Nc3 Kd6 45. Be2 Bg2 46. exf5 gxf5 47. Bd3 Ke6 48. Be2 e4 49. fxe4 f4 50. Bc4+ Ke5 51. Kd3 Bf1+ 52. Ne2 f3 53. Ke3 fxe2 54. Bxe2 Bxe2 55. Kxe2 Kxe4 56. Kf2 Kf4 57. Kg2 Kg4 58. Kf2 Kh3 59. Kg1 Bb6+ 60. Kh1 Bc7 61. a5 Bxa5 62. Kg1 Bc7 63. Kh1 Bb8 64. Kg1 Bxh2+ 65. Kh1 Bd6 66. Kg1 g4 67. Kh1 g3 68. Kg1 Bc5+ 69. Kf1 g2+ 0-1


[Site "https://www.chess.com"]

[Event "Titled Tuesday Blitz May 31 Early 2022"]
[White "Derraugh, Geordie"]
[Black "Pakleza, Zbigniew"]
[WhiteFideId "2603950"]
[BlackFideId "1119290"]
[WhiteElo "2116"]
[BlackElo "2467"]
[Result "1/2-1/2"]
[Round "01"]
[TimeControl "180+1"]
[Date "2022.06.01"]
[WhiteClock "0:00:05"]
[BlackClock "0:00:11"]

1. e4 d6 2. d4 Nf6 3. Nc3 c6 4. Nf3 Bg4 5. h3 Bh5 6. g4 Bg6 7. e5 Nd5 8. Nxd5 cxd5 9. Bg2 Nc6 10. O-O e6 11. c3 Be7 12. Bf4 O-O 13. Re1 b5 14. exd6 Bxd6 15. Ne5 Nxe5 16. Bxe5 Bxe5 17. Rxe5 Qb6 18. Qb3 Rab8 19. Rae1 b4 20. f4 bxc3 21. Qxb6 Rxb6 22. bxc3 Bb1 23. a4 g6 24. f5 gxf5 25. gxf5 Bxf5 26. Bxd5 Bxh3 27. Be4 f5 28. Bd3 Rf6 29. Bc4 Kf7 30. d5 exd5 31. Bxd5+ Kg6 32. a5 Rb2 33. Re7 a6 34. Bg8 h5 35. R7e3 Bg4 36. c4 Kg5 37. c5 Rc2 38. Re5 h4 39. Bb3 Rb2 40. Bd1 h3 41. Kh1 Ra2 42. Rg1 Kf4 43. Ree1 Bxd1 44. Rxd1 Rxa5 45. Rdf1+ Ke5 46. Rc1 Rc6 47. Rge1+ Kf6 48. Re3 Raxc5 49. Rxc5 Rxc5 50. Rxh3 a5 51. Ra3 Kg5 52. Kg2 Kg4 53. Kf2 f4 54. Ra2 Rh5 55. Kg2 f3+ 56. Kg1 Kg3 57. Rg2+ Kf4 58. Ra2 Rg5+ 59. Kf1 Kg3 60. Kg1 Rc5 61. Rg2+ Kf4 62. Ra2 Rb5 63. Kf2 Kg4 64. Ra4+ Rb4 65. Rxa5 Rb2+ 66. Kf1 Kg3 67. Rg5+ Kf4 68. Rg8 Rb1+ 69. Kf2 Rb2+ 70. Kf1 Ke3 71. Re8+ Kd3 72. Rd8+ Ke4 73. Re8+ Kf4 74. Rf8+ Kg3 75. Rg8+ Kf4 76. Rf8+ Ke3 77. Re8+ Kf4 78. Rf8+ 1/2-1/2


[Site "https://www.chess.com"]

[Event "Titled Tuesday Blitz May 31 Early 2022"]
[White "Devaev, Alexander"]
[Black "Jumabayev, Rinat"]
[WhiteFideId "4169395"]
[BlackFideId "13702661"]
[WhiteElo "2185"]
[BlackElo "2561"]
[Result "0-1"]
[Round "01"]
[TimeControl "180+1"]
[Date "2022.06.01"]
[WhiteClock "0:00:02"]
[BlackClock "0:00:19"]

1. d4 Nf6 2. c4 g6 3. Nc3 d5 4. Nf3 Bg7 5. Bg5 Ne4 6. cxd5 Nxg5 7. Nxg5 e6 8. Nf3 exd5 9. b4 O-O 10. Qb3 Be6 11. e3 c6 12. Be2 a5 13. O-O axb4 14. Qxb4 Ra7 15. a4 Qa5 16. Qb3 h6 17. Rfc1 Nd7 18. Rab1 Rfa8 19. h4 Qd8 20. h5 g5 21. Nh2 f5 22. Re1 Nf6 23. Rbd1 Qe8 24. Bd3 Nxh5 25. Qc2 Qf7 26. Rb1 Rf8 27. Nf3 Bc8 28. Qb3 Bf6 29. Ne2 Re8 30. Qc2 Ng7 31. Ng3 g4 32. Ne5 Bxe5 33. dxe5 Rxe5 34. Qc3 Re8 35. Qd4 Ra5 36. Ne2 Ne6 37. Qe5 Rxa4 38. Qh2 Kg7 39. Ng3 Ng5 40. Bc2 Ra2 41. Bb3 Rd2 42. Nf1 Rd3 43. Ng3 Kh7 0-1


[Site "https://www.chess.com"]

[Event "Titled Tuesday Blitz May 31 Early 2022"]
[White "Donchenko, Alexander"]
[Black "Shuvalov, Evgenij"]
[WhiteFideId "24603295"]
[BlackFideId "4187237"]
[WhiteElo "2572"]
[BlackElo "2053"]
[Result "1-0"]
[Round "01"]
[TimeControl "180+1"]
[Date "2022.05.31"]
[WhiteClock "0:01:56"]
[BlackClock "0:00:14"]

1. d4 Nf6 2. c4 c5 3. Nf3 cxd4 4. Nxd4 e6 5. g3 d5 6. Bg2 e5 7. Nf3 d4 8. O-O Nc6 9. e3 d3 10. Nc3 Bg4 11. h3 Bh5 12. Qb3 Na5 13. Qb5+ Nd7 14. Nxe5 a6 15. Qa4 b5 16. cxb5 Nxe5 17. bxa6+ Ke7 18. Nd5+ Kd6 19. Bd2 Nac4 20. Bb4+ Ke6 21. Nf4+ Kf5 22. Nxh5 Bxb4 23. Qxb4 Rb8 24. Qc3 Qa5 25. Qd4 Rhd8 26. Qf4+ Ke6 27. Nxg7+ Ke7 28. Nf5+ Ke8 29. b3 Na3 30. Qg5 d2 31. Qe7# 1-0


[Site "https://www.chess.com"]

[Event "Titled Tuesday Blitz May 31 Early 2022"]
[White "Drygalov, Sergey"]
[Black "Bethke, Richard"]
[WhiteFideId "24171743"]
[BlackFideId "12959243"]
[WhiteElo "2514"]
[BlackElo "2470"]
[Result "0-1"]
[Round "01"]
[TimeControl "180+1"]
[Date "2022.06.01"]
[WhiteClock "0:00:10"]
[BlackClock "0:00:13"]

1. d4 Nf6 2. c4 e6 3. Nf3 d5 4. Nc3 Be7 5. Bf4 O-O 6. e3 c5 7. dxc5 Bxc5 8. a3 Nc6 9. Qc2 Qa5 10. Nd2 d4 11. Nb3 Qd8 12. Nxc5 dxc3 13. Qxc3 Qe7 14. Nd3 Ne4 15. Qc2 e5 16. Bg3 Bf5 17. Be2 Rfd8 18. O-O Nc5 19. Rfd1 Qd6 20. Nxc5 Bxc2 21. Rxd6 Rxd6 22. Bf3 b6 23. Ne4 Bxe4 24. Bxe4 Rad8 25. Bd5 Kf8 26. f4 Ne7 27. fxe5 Rg6 28. e4 Rg4 29. b3 b5 30. Re1 Nxd5 31. cxd5 Ke7 32. Kf2 Rc8 33. Kf3 h5 34. h3 Rc3+ 35. Kf2 Rgxg3 36. Rd1 Rgd3 37. Re1 Rc2+ 38. Kf1 Rdc3 39. d6+ Ke6 40. a4 Rc1 41. axb5 Rxe1+ 42. Kxe1 Rxb3 43. Kd2 Rxb5 44. Kd3 Rxe5 45. Kd4 Kxd6 46. g4 hxg4 47. hxg4 a5 48. Kc4 Rxe4+ 49. Kb5 Rxg4 50. Kxa5 Kc6 0-1


[Site "https://www.chess.com"]

[Event "Titled Tuesday Blitz May 31 Early 2022"]
[White "Eljanov, Pavel"]
[Black "Girinath, P.D.S."]
[WhiteFideId "14102951"]
[BlackFideId "5000572"]
[WhiteElo "2601"]
[BlackElo "2369"]
[Result "0-1"]
[Round "01"]
[TimeControl "180+1"]
[Date "2022.06.01"]
[WhiteClock "0:00:01"]
[BlackClock "0:00:07"]

1. c4 e6 2. Nf3 f5 3. g3 Nf6 4. Bg2 Be7 5. O-O O-O 6. d4 a5 7. Nc3 d6 8. Re1 Ne4 9. Qc2 Nc6 10. Nxe4 Nb4 11. Qb1 fxe4 12. Qxe4 e5 13. g4 exd4 14. Nxd4 Bf6 15. Ne6 Bxe6 16. Qxe6+ Kh8 17. Rb1 Nxa2 18. Bd2 Nb4 19. Bxb7 Rb8 20. Be4 Bd4 21. Bf3 Be5 22. g5 Nc2 23. Be4 Nxe1 24. Rxe1 Qc8 25. Qxc8 Rfxc8 26. Bxa5 Rxb2 27. Bd3 c5 28. Rd1 Rf8 29. Be1 Ra8 30. Be4 Rab8 31. Kg2 Rxe2 32. Bd5 Bd4 33. Kf1 Ra2 34. Rd3 h6 35. gxh6 gxh6 36. Kg2 Rf8 37. Bf3 Kg7 38. Bd2 Rf6 39. Be3 Rg6+ 40. Kf1 Ra1+ 41. Ke2 Ra2+ 42. Kf1 Be5 43. h3 Bh2 44. Bd2 Be5 45. Bg4 Rf6 46. Be3 Rf8 47. Rb3 Rf7 48. Be6 Re7 49. Bd5 Bd4 50. Bxd4+ cxd4 51. Rd3 Ree2 52. Rg3+ Kf6 53. Rf3+ Ke5 54. Kg2 d3 55. Rxd3 Rxf2+ 56. Kg3 Rf6 57. Re3+ Kd4 58. Re4+ Kc5 59. Re7 Ra3+ 60. Kg4 h5+ 61. Kxh5 Rxh3+ 62. Kg5 Rfh6 63. Rc7+ Kd4 64. Re7 R3h5+ 65. Kg4 Rh4+ 66. Kg3 Rh3+ 67. Kf4 R6h4+ 68. Kg5 Rh7 69. Re6 Kc5 70. Re8 Rh2 71. Kg4 Rf2 72. Rc8+ Kd4 73. Rd8 Rg7+ 74. Kh3 Rf6 75. Rh8 Rgg6 76. Rd8 Rg7 77. Rh8 Ke5 78. Rh5+ Kf4 79. Rh8 Ke3 80. Kh2 Kf2 81. Rh3 Rgg6 0-1


[Site "https://www.chess.com"]

[Event "Titled Tuesday Blitz May 31 Early 2022"]
[White "Estrada Nieto, Julian"]
[Black "Bacrot, Etienne"]
[WhiteFideId "5101018"]
[BlackFideId "605506"]
[WhiteElo "2252"]
[BlackElo "2673"]
[Result "0-1"]
[Round "01"]
[TimeControl "180+1"]
[Date "2022.05.31"]
[WhiteClock "0:00:04"]
[BlackClock "0:00:18"]

1. e4 c5 2. Nf3 d6 3. Bb5+ Nd7 4. d4 cxd4 5. Qxd4 Nf6 6. Bg5 a6 7. Bxd7+ Bxd7 8. Nc3 e6 9. O-O-O Be7 10. e5 dxe5 11. Nxe5 Bc6 12. Nxc6 bxc6 13. Bxf6 gxf6 14. Qc4 Qc7 15. Ne4 Rg8 16. g3 f5 17. Nc5 Qb6 18. Nd7 Qb5 19. Ne5 Rc8 20. Rhe1 Bf6 21. f4 Bxe5 22. Qxb5 Bxf4+ 23. gxf4 axb5 24. Rg1 Ke7 25. Kd2 Rg4 26. Ke3 h5 27. h3 Rgg8 28. a3 Ra8 29. c3 h4 30. Kf3 Rgd8 31. Ke3 Rg8 32. Kf3 Rad8 33. Ke3 Rxd1 34. Rxg8 Rh1 35. Kd4 Rxh3 36. Kc5 Rh2 37. b4 Rc2 38. Kxc6 Rxc3+ 39. Kxb5 Rxa3 40. Rh8 h3 41. Kc6 Rc3+ 42. Kb6 Rc4 43. b5 Rxf4 44. Rxh3 Rb4 45. Kc6 Rc4+ 46. Kb7 f4 47. b6 e5 48. Ka7 Ra4+ 49. Kb8 Rb4 50. b7 e4 51. Rh4 e3 52. Kc7 e2 53. Rxf4 Rxf4 54. b8=Q Rc4+ 0-1


[Site "https://www.chess.com"]

[Event "Titled Tuesday Blitz May 31 Early 2022"]
[White "Fernandez Barrera, Victor"]
[Black "Andreikin, Dmitry"]
[WhiteFideId "2261529"]
[BlackFideId "4158814"]
[WhiteElo "2189"]
[BlackElo "2736"]
[Result "0-1"]
[Round "01"]
[TimeControl "180+1"]
[Date "2022.05.31"]
[WhiteClock "0:00:06"]
[BlackClock "0:00:29"]

1. c4 e6 2. Nf3 d5 3. g3 dxc4 4. Qa4+ Nd7 5. Qxc4 a6 6. a4 b5 7. Qc6 Rb8 8. axb5 Bb7 9. Qc2 axb5 10. Bg2 Ngf6 11. O-O c5 12. b3 Be7 13. Bb2 O-O 14. d3 Nd5 15. Nc3 Nb4 16. Qd2 Bf6 17. Ne4 Bxe4 18. dxe4 Bxb2 19. Qxb2 Qc7 20. Rfd1 Rfc8 21. Rac1 Nf6 22. Ne5 h6 23. f4 Ra8 24. Ra1 Rxa1 25. Qxa1 c4 26. bxc4 bxc4 27. Qc3 Qc5+ 28. e3 Nd3 29. Nxd3 Qxe3+ 30. Kh1 Ng4 31. Rc1 cxd3 32. Qxc8+ Kh7 33. Rf1 Nf2+ 34. Rxf2 Qxf2 35. h3 d2 36. Qd7 Qe1+ 37. Kh2 d1=Q 38. Qxf7 Qg1# 0-1


[Site "https://www.chess.com"]

[Event "Titled Tuesday Blitz May 31 Early 2022"]
[White "Florescu, Codrut-Constantin"]
[Black "Vokhidov, Shamsiddin"]
[WhiteFideId "1202200"]
[BlackFideId "14204223"]
[WhiteElo "2191"]
[BlackElo "2611"]
[Result "0-1"]
[Round "01"]
[TimeControl "180+1"]
[Date "2022.05.31"]
[WhiteClock "0:00:56"]
[BlackClock "0:00:57"]

1. d4 Nf6 2. Nf3 d5 3. c4 e6 4. Nc3 Bb4 5. e3 O-O 6. Bd3 b6 7. cxd5 exd5 8. O-O Bb7 9. Ne2 Re8 10. Ng3 Bf8 11. b3 c5 12. dxc5 bxc5 13. Bb2 Nbd7 14. Rc1 Qb6 15. Ba1 Ba6 16. Bxa6 Qxa6 17. Qc2 Rac8 18. Rfd1 g6 19. Qe2 Qb7 20. Qb2 Bg7 21. Qa3 Re6 22. Qb2 h6 23. Qc2 Nb6 24. Ne2 Rd6 25. Nf4 Nbd7 26. Ne5 Ne4 27. Nxd7 Qxd7 28. Bxg7 Kxg7 29. Ne2 Qe7 30. Nc3 Nf6 31. Na4 c4 32. Qb2 Rb8 33. Qd4 cxb3 34. axb3 Rxb3 35. Nc5 Rb8 36. Nd3 Qe4 37. Qa1 Qe7 38. h3 Kh7 39. Nf4 Qd7 40. Rd4 Rc6 41. Rcd1 Rb5 42. Qa2 Qc7 43. Nxd5 Nxd5 44. Rxd5 Rxd5 45. Qxd5 a5 46. Qd7 a4 47. Qe8 a3 48. g3 Rc1 49. Rxc1 Qxc1+ 50. Kg2 Qc4 51. Qe5 a2 52. h4 Qc1 53. h5 a1=Q 54. hxg6+ fxg6 55. Qe7+ Qg7 56. Qe4 Qf7 57. g4 Qcc4 58. Qa8 Qxg4+ 0-1


[Site "https://www.chess.com"]

[Event "Titled Tuesday Blitz May 31 Early 2022"]
[White "Gokerkan, Cem Kaan"]
[Black "Blackman, Justin"]
[WhiteFideId "6336760"]
[BlackFideId "11100516"]
[WhiteElo "2382"]
[BlackElo "2112"]
[Result "1-0"]
[Round "01"]
[TimeControl "180+1"]
[Date "2022.06.01"]
[WhiteClock "0:00:17"]
[BlackClock "0:00:02"]

1. g3 d5 2. Bg2 Nf6 3. Nf3 e6 4. O-O Be7 5. d4 O-O 6. c4 dxc4 7. Qc2 a6 8. a4 Bd7 9. Bg5 Bc6 10. Nbd2 Nbd7 11. Nxc4 h6 12. Bxf6 Nxf6 13. Rfd1 a5 14. Nfe5 Bxg2 15. Kxg2 c6 16. Qb3 Rb8 17. Qb6 Qxb6 18. Nxb6 Rfd8 19. e3 Nd5 20. Nxd5 exd5 21. Rdc1 f6 22. Nd3 Kf7 23. Rc3 g5 24. g4 Bd6 25. h3 h5 26. Rb1 hxg4 27. hxg4 Rh8 28. b4 axb4 29. Nxb4 Rh2+ 30. Kf3 Ra8 31. Nd3 Ra7 32. Rcb3 Rxa4 33. Rxb7+ Ke6 34. R1b2 Rc4 35. Ra7 Rh3+ 36. Ke2 Rh4 37. Rbb7 Rxg4 38. Ra8 Rh4 39. Re8+ Kf5 40. Rd8 Ba3 41. Rb3 Be7 42. Re8 Bd6 43. Rd8 Ke6 44. Re8+ Kd7 45. Rg8 Rc2+ 46. Kf3 Rh2 47. Kg4 Rd2 48. Rb7+ Bc7 49. Nc5+ Kd6 50. Rd8+ Ke7 51. Rd7+ Ke8 52. Rbxc7 f5+ 53. Kxg5 Rg2+ 54. Kf6 1-0


[Site "https://www.chess.com"]